Blackhawks vs Coyotes

Created - 17 février 2013 at 00:32

Goals
1 2 3 OT1 SO T
Blackhawks 1 0 1 0 1 2
Coyotes 0 1 1 0 2 3
Shots
1 2 3 OT1 SO T
Blackhawks 14 11 9 2 6 36
Coyotes 18 9 12 0 6 39

1st period

1. Blackhawks , Joe Sakic 10 (Kris Versteeg, Kristopher Letang) at 4:12

Penalties :
Jamal Mayers (Pho) for Slashing (Minor) at 0:29, Marian Gaborik (Pho) for Hooking (Minor) at 7:12, Jeff Taffe (Chi) for Hooking (Minor) at 7:12, Joe Sakic (Chi) for Hooking (Minor) at 14:21

2nd period

2. Coyotes , Chad Larose 7 (Tom Poti) at 8:31 (SH)

Penalties :
Martin Havlat (Chi) for Interference (Minor) at 4:12, Jay Bouwmeester (Pho) for Hooking (Minor) at 8:21, Marian Gaborik (Pho) for Interference (Minor) at 15:41

3rd period

3. Blackhawks , Scott Gomez 11 (Alexander Frolov) at 0:50
4. Coyotes , Pavel Brendl 5 (Christian Ehrhoff, Maxim Lapierre) at 13:44

Penalties :
Dan Hinote (Chi) for Hooking (Minor) at 6:18, Scott Gomez (Chi) for Tripping (Minor) at 14:22

Overtime #1

No Goal

Penalties :
Frans Nielsen (Pho) for Cross-checking (Minor) at 1:39

Shootout

Penalty Shot by Joe Sakic for Blackhawks - Goal!
Penalty Shot by Marian Gaborik for Coyotes - Stopped by Tyler Weiman
Penalty Shot by Martin Havlat for Blackhawks - Stopped by Jean-Sébastien Giguère
Penalty Shot by Brenden Morrow for Coyotes - Stopped by Tyler Weiman
Penalty Shot by Kris Versteeg for Blackhawks - Stopped by Jean-Sébastien Giguère
Penalty Shot by Tim Connolly for Coyotes - Goal!
Penalty Shot by Scott Gomez for Blackhawks - Shot Misses the Net
Penalty Shot by Frans Nielsen for Coyotes - Shot Misses the Net
Penalty Shot by Alexander Frolov for Blackhawks - Shot Misses the Net
Penalty Shot by Sergei Samsonov for Coyotes - Stopped by Tyler Weiman
Penalty Shot by Nicklas Lidstrom for Blackhawks - Shot Misses the Net
Penalty Shot by Jay Bouwmeester for Coyotes - Goal!

Penalties :
No Penalty

Goalie Stats

Tyler Weiman (Chi), 37 saves from 39 shots - (0,949), OTL, 11-8-3, 65:00 minutes
Jean-Sébastien Giguère (Pho), 34 saves from 36 shots - (0,944), W, 19-19-2, 65:00 minutes

Players Stats for Blackhawks

Player Name              G  A  P  +/- PIM S  H  SB GA TA FO     MP     PP MP  PK MP  
------------------------------------------------------------------------------------
Alexander Frolov         0  1  1   1  0   5  4  1  0  0  0/0    16:33   2:36   1:13 
Brooks Laich             0  0  0  -1  0   2  0  0  0  0  2/4    11:17   0:03   0:47 
Chris Gratton            0  0  0   0  0   4  1  0  0  0  3/8    11:25   0:00   4:16 
Colby Armstrong          0  0  0  -1  0   0  2  1  1  0  0/0    14:59   0:03   4:19 
Dan Hinote               0  0  0   0  2   2  1  1  0  0  0/0    10:02   0:00   1:45 
Greg De Vries            0  0  0   1  0   0  1  2  0  0  0/0    12:11   0:00   0:26 
Hnat Domenichelli        0  0  0  -1  0   2  3  0  1  1  1/1    11:01   0:03   0:00 
Jeff Taffe               0  0  0   0  2   1  1  0  0  0  0/0     7:23   0:00   0:00 
Joe Sakic                1  0  1   0  2   3  1  2  1  0  13/26  20:51   3:18   0:00 
Kris Versteeg            0  1  1   0  0   1  4  2  0  0  2/5    22:19   3:18   2:01 
Kristopher Letang        0  1  1  -2  0   0  1  3  1  3  0/0    28:33   3:51   3:05 
Marek Zidlicky           0  0  0   1  0   2  0  2  1  1  0/0    20:35   2:06   0:26 
Martin Havlat            0  0  0   0  2   2  2  1  1  0  1/1    20:42   3:18   0:00 
Matthew Spiller          0  0  0   1  0   0  0  0  0  1  0/0    15:52   0:00   4:25 
Nicklas Lidstrom         0  0  0  -2  0   3  1  0  0  0  0/0    30:02   3:51   3:05 
Nikita Alexeev           0  0  0   1  0   1  0  0  0  0  1/1    14:31   2:36   0:00 
Scott Gomez              1  0  1   1  2   7  0  0  1  0  3/7    18:57   2:36   1:31 
Steve McCarthy           0  0  0   1  0   1  0  2  0  1  0/0    22:47   2:06   4:25 

Players Stats for Coyotes

Player Name              G  A  P  +/- PIM S  H  SB GA TA FO     MP     PP MP  PK MP  
------------------------------------------------------------------------------------
Brenden Morrow           0  0  0  -1  0   4  0  0  0  0  0/0    19:45   4:33   0:59 
Chad Larose              1  0  1   1  0   7  2  0  0  0  4/6    13:44   0:00   3:26 
Christian Ehrhoff        0  1  1   0  0   0  0  0  1  0  0/0    21:46   3:22   1:41 
Craig Adams              0  0  0   1  0   0  1  0  0  1  0/0    15:38   0:00   3:50 
Denis Grebeshkov         0  0  0  -1  0   1  1  0  1  0  0/0    17:08   3:22   0:41 
Drew Miller              0  0  0   0  0   0  0  0  0  2  2/5    15:09   0:00   2:47 
Frans Nielsen            0  0  0   0  2   4  5  0  1  0  4/10   19:47   3:23   2:43 
Jamal Mayers             0  0  0   0  2   2  1  0  0  0  2/3    16:11   3:23   0:00 
Jay Bouwmeester          0  0  0   0  2   1  0  1  1  1  0/0    27:49   4:34   3:41 
Jiri Fischer             0  0  0   0  0   1  0  2  0  0  0/0    16:02   0:00   2:34 
Kurt Sauer               0  0  0   0  0   0  2  1  1  0  0/0    19:25   0:00   2:16 
Marian Gaborik           0  0  0  -1  4   4  1  0  0  0  0/0    20:16   4:33   0:00 
Maxim Lapierre           0  1  1   0  0   1  0  0  0  0  0/2     8:03   0:00   0:08 
Pavel Brendl             1  0  1   0  0   3  1  0  0  0  1/1     7:55   0:00   0:00 
Riley Cote               0  0  0   0  0   0  1  0  0  1  0/0     7:55   0:00   0:00 
Sergei Samsonov          0  0  0   0  0   7  0  0  0  1  0/1    15:48   3:23   0:00 
Tim Connolly             0  0  0  -1  0   2  1  0  0  1  14/25  19:47   4:33   0:00 
Tom Poti                 0  1  1   1  0   2  0  0  2  0  0/0    27:52   4:34   4:59 

3 Stars

1 - Chad Larose (Pho)
2 - Tyler Weiman (Chi)
3 - Jean-Sébastien Giguère (Pho)

Power Play

Blackhawks - 0 on 4 Attempt(s) - 0,00%
Coyotes - 0 on 4 Attempt(s) - 0,00%

Penalty Kill

Blackhawks - 4 on 4 Attempt(s) - 100,00% - Score 0 goal in Penalty Kill
Coyotes - 4 on 4 Attempt(s) - 100,00% - Score 1 goal in Penalty Kill

Official

Referees : Devorski Paul and Pochmara Brian
Linesman : Vaughan Rody and Don Henderson

Game Notes

No Game Note

Finance

Level 1 -- Attendance: 4930 (82,17%) -- Ticket Income 468 350 $
Level 2 -- Attendance: 4733 (94,66%) -- Ticket Income 269 781 $
Level 3 -- Attendance: 1747 (87,35%) -- Ticket Income 55 904 $
Level 4 -- Attendance: 3473 (86,83%) -- Ticket Income 62 514 $
Luxury Box -- Attendance: 824 (82,40%) -- Ticket Income 156 560 $
Game was played at the The Pack Center
Total Attendance: 15707 (87,26%)
Total Ticket Income: 1 013 109 $
Total Income: 1 013 109 $

Blackhawks

5 vs 5 Forward 
   Center                   Left Wing                Right Wing               Time % Phy DF OF 
 1 Joe Sakic                Kris Versteeg            Martin Havlat            40     1   2  2  
 2 Scott Gomez              Alexander Frolov         Nikita Alexeev           30     1   2  2  
 3 Brooks Laich             Hnat Domenichelli        Colby Armstrong          20     1   2  2  
 4 Chris Gratton            Jeff Taffe               Dan Hinote               10     1   2  2  

5 vs 5 Defense 
   Defense                  Defense                                           Time % Phy DF OF 
 1 Nicklas Lidstrom         Kristopher Letang                                 40     1   2  2  
 2 Steve McCarthy           Marek Zidlicky                                    30     1   2  2  
 3 Greg De Vries            Matthew Spiller                                   20     1   2  2  
 4 Nicklas Lidstrom         Marek Zidlicky                                    10     1   2  2  

PowerPlay Forward 
   Center                   Left Wing                Right Wing               Time % Phy DF OF 
 1 Joe Sakic                Kris Versteeg            Martin Havlat            60     1   2  2  
 2 Scott Gomez              Alexander Frolov         Nikita Alexeev           40     1   2  2  

PowerPlay Defense
   Defense                  Defense                                           Time % Phy DF OF 
 1 Nicklas Lidstrom         Kristopher Letang                                 60     1   2  2  
 2 Steve McCarthy           Marek Zidlicky                                    40     1   2  2  

Penalty Kill 4 Players Forward 
   Center                   Wing                     Time % Phy DF OF 
 1 Chris Gratton            Colby Armstrong          60     1   2  2  
 2 Scott Gomez              Dan Hinote               40     1   2  2  

Penalty Kill 4 Players Defense
   Defense                  Defense                  Time % Phy DF OF 
 1 Matthew Spiller          Steve McCarthy           60     1   2  2  
 2 Nicklas Lidstrom         Kristopher Letang        40     1   2  2  

Penalty Kill - 3 Players Forward 
   Forward                                           Time % Phy DF OF 
 1 Joe Sakic                                         60     1   2  2  
 2 Martin Havlat                                     40     1   2  2  

Penalty Kill - 3 Players Defense
   Defense                  Defense                  Time % Phy DF OF 
 1 Nicklas Lidstrom         Marek Zidlicky           60     1   2  2  
 2 Steve McCarthy           Kristopher Letang        40     1   2  2  

4 vs 4 Forward 
   Center                   Wing                     Time % Phy DF OF 
 1 Joe Sakic                Martin Havlat            60     1   2  2  
 2 Scott Gomez              Kris Versteeg            40     1   2  2  

4 vs 4 Defense
   Defense                  Defense                  Time % Phy DF OF 
 1 Nicklas Lidstrom         Kristopher Letang        60     1   2  2  
 2 Steve McCarthy           Marek Zidlicky           40     1   2  2  

Last Minutes Offensive
   Center                   Left Wing                Right Wing               Defense                  Defense                  
   Joe Sakic                Kris Versteeg            Martin Havlat            Nicklas Lidstrom         Marek Zidlicky           

Last Minutes Defensive
   Center                   Left Wing                Right Wing               Defense                  Defense                  
   Joe Sakic                Kris Versteeg            Martin Havlat            Nicklas Lidstrom         Marek Zidlicky           

Goaltenders
Starting : Tyler Weiman             
Backup : Jocelyn Thibault         

Extra Forwards
Normal : Hnat Domenichelli, Colby Armstrong, Brooks Laich - PP : Hnat Domenichelli, Brooks Laich - PK : Kris Versteeg
Extra Defensemen
Normal : Greg De Vries, Matthew Spiller, Steve McCarthy - PP : Greg De Vries - PK : Matthew Spiller, Steve McCarthy
Penalty Shots
Joe Sakic, Martin Havlat, Kris Versteeg, Scott Gomez, Alexander Frolov

Coyotes

5 vs 5 Forward 
   Center                   Left Wing                Right Wing               Time % Phy DF OF 
 1 Tim Connolly             Brenden Morrow           Marian Gaborik           40     1   2  2  
 2 Frans Nielsen            Sergei Samsonov          Jamal Mayers             30     1   2  2  
 3 Chad Larose              Drew Miller              Craig Adams              20     1   2  2  
 4 Maxim Lapierre           Riley Cote               Pavel Brendl             10     1   2  2  

5 vs 5 Defense 
   Defense                  Defense                                           Time % Phy DF OF 
 1 Jay Bouwmeester          Tom Poti                                          40     1   2  2  
 2 Christian Ehrhoff        Kurt Sauer                                        30     1   2  2  
 3 Denis Grebeshkov         Jiri Fischer                                      20     1   2  2  
 4 Jay Bouwmeester          Tom Poti                                          10     1   2  2  

PowerPlay Forward 
   Center                   Left Wing                Right Wing               Time % Phy DF OF 
 1 Tim Connolly             Brenden Morrow           Marian Gaborik           60     1   2  2  
 2 Frans Nielsen            Sergei Samsonov          Jamal Mayers             40     1   2  2  

PowerPlay Defense
   Defense                  Defense                                           Time % Phy DF OF 
 1 Jay Bouwmeester          Tom Poti                                          60     1   2  2  
 2 Christian Ehrhoff        Denis Grebeshkov                                  40     1   2  2  

Penalty Kill 4 Players Forward 
   Center                   Wing                     Time % Phy DF OF 
 1 Chad Larose              Craig Adams              60     1   2  2  
 2 Frans Nielsen            Drew Miller              40     1   2  2  

Penalty Kill 4 Players Defense
   Defense                  Defense                  Time % Phy DF OF 
 1 Jay Bouwmeester          Tom Poti                 60     1   2  2  
 2 Jiri Fischer             Kurt Sauer               40     1   2  2  

Penalty Kill - 3 Players Forward 
   Forward                                           Time % Phy DF OF 
 1 Drew Miller                                       60     1   2  2  
 2 Chad Larose                                       40     1   2  2  

Penalty Kill - 3 Players Defense
   Defense                  Defense                  Time % Phy DF OF 
 1 Jay Bouwmeester          Tom Poti                 60     1   2  2  
 2 Jiri Fischer             Kurt Sauer               40     1   2  2  

4 vs 4 Forward 
   Center                   Wing                     Time % Phy DF OF 
 1 Tim Connolly             Marian Gaborik           60     1   2  2  
 2 Frans Nielsen            Brenden Morrow           40     1   2  2  

4 vs 4 Defense
   Defense                  Defense                  Time % Phy DF OF 
 1 Jay Bouwmeester          Tom Poti                 60     1   2  2  
 2 Christian Ehrhoff        Kurt Sauer               40     1   2  2  

Last Minutes Offensive
   Center                   Left Wing                Right Wing               Defense                  Defense                  
   Tim Connolly             Brenden Morrow           Marian Gaborik           Jay Bouwmeester          Tom Poti                 

Last Minutes Defensive
   Center                   Left Wing                Right Wing               Defense                  Defense                  
   Tim Connolly             Brenden Morrow           Marian Gaborik           Jay Bouwmeester          Tom Poti                 

Goaltenders
Starting : Jean-Sébastien Giguère   
Backup : Peter Budaj              

Extra Forwards
Normal : Chad Larose, Drew Miller, Craig Adams - PP : Chad Larose, Drew Miller - PK : Craig Adams
Extra Defensemen
Normal : Denis Grebeshkov, Jiri Fischer, Christian Ehrhoff - PP : Denis Grebeshkov - PK : Jiri Fischer, Christian Ehrhoff
Penalty Shots
Marian Gaborik, Brenden Morrow, Tim Connolly, Frans Nielsen, Sergei Samsonov

% Time on Ice - Blackhawks

Lines # - Real PCT - Wanted PCT - Time Play
Normal Forward
1 - 35% - 40% - 15:26
2 - 28% - 30% - 12:25
3 - 21% - 20% - 9:08
4 - 16% - 10% - 7:09
Normal Defense
1 - 40% - 40% - 17:50
2 - 31% - 30% - 13:41
3 - 25% - 20% - 11:08
4 - 3% - 10% - 1:29
PP Forward
1 - 56% - 60% - 3:21
2 - 44% - 40% - 2:36
PP Defense
1 - 65% - 60% - 3:51
2 - 35% - 40% - 2:06
PK Forward
1 - 72% - 60% - 5:41
2 - 28% - 40% - 2:15
PK Defense
1 - 61% - 60% - 4:51
2 - 39% - 40% - 3:05
PK3 Forward
1 - 0% - 60%
2 - 0% - 40%
PK3 Defense
1 - 0% - 60%
2 - 0% - 40%
44 Forward
1 - 65% - 60% - 4:33
2 - 35% - 40% - 2:26
44 Defense
1 - 66% - 60% - 4:37
2 - 34% - 40% - 2:22
Last Minute Offensive  - 0:00
Last Minute Defensive  - 0:00
Total
Forward - 65:00
Defense - 65:00

% Time on Ice - Coyotes

Lines # - Real PCT - Wanted PCT - Time Play
Normal Forward
1 - 33% - 40% - 14:30
2 - 28% - 30% - 12:25
3 - 21% - 20% - 9:18
4 - 18% - 10% - 7:55
Normal Defense
1 - 38% - 40% - 16:42
2 - 33% - 30% - 14:37
3 - 28% - 20% - 12:24
4 - 1% - 10% - 0:25
PP Forward
1 - 57% - 60% - 4:33
2 - 43% - 40% - 3:23
PP Defense
1 - 58% - 60% - 4:34
2 - 42% - 40% - 3:22
PK Forward
1 - 73% - 60% - 4:20
2 - 27% - 40% - 1:37
PK Defense
1 - 72% - 60% - 4:17
2 - 28% - 40% - 1:40
PK3 Forward
1 - 83% - 60% - 1:39
2 - 17% - 40% - 0:20
PK3 Defense
1 - 70% - 60% - 1:23
2 - 30% - 40% - 0:36
44 Forward
1 - 82% - 60% - 4:07
2 - 18% - 40% - 0:53
44 Defense
1 - 38% - 60% - 1:53
2 - 62% - 40% - 3:07
Last Minute Offensive  - 0:00
Last Minute Defensive  - 0:00
Total
Forward - 65:00
Defense - 65:00

Play by Play

1st period


0:01 of 1st period - Joe Sakic wins face-off versus Tim Connolly in neutral zone.
0:16 of 1st period - Wrist shot by Brenden Morrow.
0:16 of 1st period - Deflect By Tim Connolly.
0:16 of 1st period - Stopped by Tyler Weiman with a rebound.
0:29 of 1st period - Minor Penalty to Jamal Mayers for Slashing.
0:30 of 1st period - Joe Sakic wins face-off versus Chad Larose in Coyotes zone.
2:29 of 1st period - Penalty to Jamal Mayers is over, Jamal Mayers is back on ice.
2:52 of 1st period - Off-side.
2:53 of 1st period - Chris Gratton wins face-off versus Maxim Lapierre in neutral zone.
3:27 of 1st period - Wrist shot by Brooks Laich.
3:27 of 1st period - Shot Misses the Net.
3:49 of 1st period - Snap shot by Sergei Samsonov.
3:49 of 1st period - Stopped by Tyler Weiman with a rebound.
4:12 of 1st period - Snap shot by Kris Versteeg.
4:12 of 1st period - Deflect By Joe Sakic.
4:12 of 1st period - Goal by Joe Sakic - Blackhawks : 1 - Coyotes : 0.
4:13 of 1st period - Joe Sakic wins face-off versus Frans Nielsen in neutral zone.
4:21 of 1st period - Steve McCarthy is hit by Kurt Sauer and loses puck.
5:07 of 1st period - Snap shot by Drew Miller.
5:07 of 1st period - Deflect By Chad Larose.
5:07 of 1st period - Stopped by Tyler Weiman with a rebound.
5:09 of 1st period - Snap shot by Chad Larose.
5:09 of 1st period - Stopped by Tyler Weiman with a rebound.
5:51 of 1st period - Slapshot by Marian Gaborik.
5:51 of 1st period - Stopped by Tyler Weiman with a rebound.
7:07 of 1st period - Slapshot by Brenden Morrow.
7:07 of 1st period - Deflect By Chris Gratton.
7:07 of 1st period - Stopped by Tyler Weiman without a rebound.
7:08 of 1st period - Tim Connolly wins face-off versus Chris Gratton in Blackhawks zone.
7:11 of 1st period - Snap shot by Brenden Morrow.
7:11 of 1st period - Shot Misses the Net.
7:12 of 1st period - Minor Penalty to Marian Gaborik for Hooking.
7:12 of 1st period - Minor Penalty to Jeff Taffe for Hooking.
7:13 of 1st period - Tim Connolly wins face-off versus Joe Sakic in Blackhawks zone.
8:05 of 1st period - Kristopher Letang is hit by Craig Adams.
8:09 of 1st period - Slapshot by Nicklas Lidstrom.
8:09 of 1st period - Shot Misses the Net.
8:15 of 1st period - Scott Gomez is hit by Kurt Sauer and loses puck.
8:28 of 1st period - Slapshot by Nicklas Lidstrom.
8:28 of 1st period - Stopped by Jean-Sébastien Giguère with a rebound.
8:34 of 1st period - Wrist shot by Scott Gomez.
8:34 of 1st period - Stopped by Jean-Sébastien Giguère with a rebound.
9:12 of 1st period - Penalty to Marian Gaborik is over, Marian Gaborik is back on ice.
9:12 of 1st period - Penalty to Jeff Taffe is over, Jeff Taffe is back on ice.
9:26 of 1st period - Icing by Craig Adams.
9:27 of 1st period - Drew Miller wins face-off versus Brooks Laich in Coyotes zone.
9:29 of 1st period - Icing by Craig Adams.
9:30 of 1st period - Brooks Laich wins face-off versus Drew Miller in Coyotes zone.
9:43 of 1st period - Wrist shot by Marian Gaborik.
9:43 of 1st period - Shot Misses the Net.
9:49 of 1st period - Steve McCarthy is hit by Marian Gaborik and loses puck.
10:01 of 1st period - Slapshot by Marek Zidlicky.
10:01 of 1st period - Stopped by Jean-Sébastien Giguère with a rebound.
10:03 of 1st period - Slapshot by Steve McCarthy.
10:03 of 1st period - Stopped by Jean-Sébastien Giguère with a rebound.
10:07 of 1st period - Snap shot by Brooks Laich.
10:07 of 1st period - Deflect By Craig Adams.
10:07 of 1st period - Shot Blocked by Kurt Sauer.
10:07 of 1st period - Puck is out of play.
10:08 of 1st period - Frans Nielsen wins face-off versus Chris Gratton in Coyotes zone.
10:15 of 1st period - Snap shot by Frans Nielsen.
10:15 of 1st period - Stopped by Tyler Weiman with a rebound.
10:17 of 1st period - Wrist shot by Sergei Samsonov.
10:17 of 1st period - Shot Blocked by Greg De Vries.
10:19 of 1st period - Slapshot by Frans Nielsen.
10:19 of 1st period - Shot Misses the Net.
10:33 of 1st period - Tom Poti is hit by Martin Havlat and loses puck.
10:49 of 1st period - Icing by Tom Poti.
10:50 of 1st period - Tim Connolly wins face-off versus Scott Gomez in Coyotes zone.
11:11 of 1st period - Wrist shot by Brenden Morrow.
11:11 of 1st period - Stopped by Tyler Weiman with a rebound.
11:13 of 1st period - Wrist shot by Marian Gaborik.
11:13 of 1st period - Shot Misses the Net.
11:15 of 1st period - Snap shot by Marian Gaborik.
11:15 of 1st period - Shot Misses the Net.
11:17 of 1st period - Slapshot by Tom Poti.
11:17 of 1st period - Stopped by Tyler Weiman with a rebound.
11:23 of 1st period - Snap shot by Marian Gaborik.
11:23 of 1st period - Stopped by Tyler Weiman without a rebound.
11:24 of 1st period - Frans Nielsen wins face-off versus Joe Sakic in Blackhawks zone.
11:25 of 1st period - Wrist shot by Sergei Samsonov.
11:25 of 1st period - Stopped by Tyler Weiman with a rebound.
11:27 of 1st period - Wrist shot by Jamal Mayers.
11:27 of 1st period - Shot Blocked by Martin Havlat.
11:29 of 1st period - Slapshot by Jiri Fischer.
11:29 of 1st period - Stopped by Tyler Weiman with a rebound.
11:33 of 1st period - Wrist shot by Sergei Samsonov.
11:33 of 1st period - Stopped by Tyler Weiman with a rebound.
11:35 of 1st period - Wrist shot by Sergei Samsonov.
11:35 of 1st period - Shot Blocked by Kristopher Letang.
11:37 of 1st period - Wrist shot by Frans Nielsen.
11:37 of 1st period - Stopped by Tyler Weiman with a rebound.
11:39 of 1st period - Snap shot by Frans Nielsen.
11:39 of 1st period - Deflect By Jamal Mayers.
11:39 of 1st period - Stopped by Tyler Weiman with a rebound.
11:55 of 1st period - Slapshot by Maxim Lapierre.
11:55 of 1st period - Shot Blocked by Joe Sakic.
11:57 of 1st period - Wrist shot by Pavel Brendl.
11:57 of 1st period - Shot Misses the Net.
11:59 of 1st period - Slapshot by Denis Grebeshkov.
11:59 of 1st period - Stopped by Tyler Weiman without a rebound.
12:00 of 1st period - Hnat Domenichelli wins face-off versus Frans Nielsen in Blackhawks zone.
12:07 of 1st period - Snap shot by Brooks Laich.
12:07 of 1st period - Stopped by Jean-Sébastien Giguère without a rebound.
12:08 of 1st period - Jamal Mayers wins face-off versus Brooks Laich in Coyotes zone.
12:29 of 1st period - Wrist shot by Frans Nielsen.
12:29 of 1st period - Shot Misses the Net.
12:41 of 1st period - Slapshot by Hnat Domenichelli.
12:41 of 1st period - Stopped by Jean-Sébastien Giguère without a rebound.
12:42 of 1st period - Martin Havlat wins face-off versus Tim Connolly in Coyotes zone.
13:14 of 1st period - Slapshot by Alexander Frolov.
13:14 of 1st period - Stopped by Jean-Sébastien Giguère without a rebound.
13:15 of 1st period - Scott Gomez wins face-off versus Tim Connolly in Coyotes zone.
13:20 of 1st period - Backhand shot by Alexander Frolov.
13:20 of 1st period - Stopped by Jean-Sébastien Giguère with a rebound.
13:30 of 1st period - Snap shot by Alexander Frolov.
13:30 of 1st period - Stopped by Jean-Sébastien Giguère with a rebound.
14:10 of 1st period - Slapshot by Brooks Laich.
14:10 of 1st period - Stopped by Jean-Sébastien Giguère without a rebound.
14:11 of 1st period - Joe Sakic wins face-off versus Tim Connolly in Coyotes zone.
14:12 of 1st period - Wrist shot by Kris Versteeg.
14:12 of 1st period - Deflect By Joe Sakic.
14:12 of 1st period - Shot Misses the Net.
14:12 of 1st period - Puck is out of play.
14:13 of 1st period - Joe Sakic wins face-off versus Tim Connolly in Coyotes zone.
14:14 of 1st period - Snap shot by Kris Versteeg.
14:14 of 1st period - Shot Misses the Net.
14:16 of 1st period - Slapshot by Nicklas Lidstrom.
14:16 of 1st period - Shot Misses the Net.
14:18 of 1st period - Slapshot by Kristopher Letang.
14:18 of 1st period - Shot Misses the Net.
14:20 of 1st period - Snap shot by Joe Sakic.
14:20 of 1st period - Stopped by Jean-Sébastien Giguère without a rebound.
14:21 of 1st period - Tim Connolly wins face-off versus Joe Sakic in Coyotes zone.
14:21 of 1st period - Minor Penalty to Joe Sakic for Hooking.
14:22 of 1st period - Chris Gratton wins face-off versus Tim Connolly in Blackhawks zone.
14:31 of 1st period - Snap shot by Tom Poti.
14:31 of 1st period - Stopped by Tyler Weiman with a rebound.
15:22 of 1st period - Christian Ehrhoff is hit by Kristopher Letang.
16:21 of 1st period - Penalty to Joe Sakic is over, Joe Sakic is back on ice.
16:55 of 1st period - Snap shot by Chad Larose.
16:55 of 1st period - Stopped by Tyler Weiman without a rebound.
16:56 of 1st period - Scott Gomez wins face-off versus Maxim Lapierre in Blackhawks zone.
17:03 of 1st period - Wrist shot by Scott Gomez.
17:03 of 1st period - Stopped by Jean-Sébastien Giguère without a rebound.
17:04 of 1st period - Joe Sakic wins face-off versus Frans Nielsen in Coyotes zone.
17:34 of 1st period - Slapshot by Nicklas Lidstrom.
17:34 of 1st period - Deflect By Tom Poti.
17:34 of 1st period - Stopped by Jean-Sébastien Giguère without a rebound.
17:35 of 1st period - Tim Connolly wins face-off versus Scott Gomez in Coyotes zone.
18:19 of 1st period - Wrist shot by Brooks Laich.
18:19 of 1st period - Shot Misses the Net.
18:48 of 1st period - Snap shot by Chris Gratton.
18:48 of 1st period - Shot Misses the Net.

2nd period


0:01 of 2nd period - Tim Connolly wins face-off versus Joe Sakic in neutral zone.
0:33 of 2nd period - Slapshot by Scott Gomez.
0:33 of 2nd period - Shot Misses the Net.
0:54 of 2nd period - Snap shot by Chris Gratton.
0:54 of 2nd period - Stopped by Jean-Sébastien Giguère with a rebound.
1:08 of 2nd period - Wrist shot by Frans Nielsen.
1:08 of 2nd period - Shot Misses the Net.
1:10 of 2nd period - Snap shot by Sergei Samsonov.
1:10 of 2nd period - Stopped by Tyler Weiman with a rebound.
1:12 of 2nd period - Snap shot by Frans Nielsen.
1:12 of 2nd period - Shot Blocked by Steve McCarthy.
1:14 of 2nd period - Slapshot by Jay Bouwmeester.
1:14 of 2nd period - Shot Blocked by Dan Hinote.
1:16 of 2nd period - Slapshot by Tom Poti.
1:16 of 2nd period - Shot Blocked by Steve McCarthy.
1:39 of 2nd period - Backhand shot by Chris Gratton.
1:39 of 2nd period - Stopped by Jean-Sébastien Giguère with a rebound.
2:01 of 2nd period - Wrist shot by Sergei Samsonov.
2:01 of 2nd period - Stopped by Tyler Weiman with a rebound.
2:03 of 2nd period - Snap shot by Jamal Mayers.
2:03 of 2nd period - Shot Misses the Net.
2:07 of 2nd period - Snap shot by Frans Nielsen.
2:07 of 2nd period - Shot Blocked by Marek Zidlicky.
2:15 of 2nd period - Slapshot by Frans Nielsen.
2:15 of 2nd period - Stopped by Tyler Weiman without a rebound.
2:16 of 2nd period - Tim Connolly wins face-off versus Joe Sakic in Blackhawks zone.
2:27 of 2nd period - Snap shot by Marian Gaborik.
2:27 of 2nd period - Stopped by Tyler Weiman with a rebound.
4:05 of 2nd period - Christian Ehrhoff is hit by Hnat Domenichelli and loses puck.
4:09 of 2nd period - Icing by Christian Ehrhoff.
4:10 of 2nd period - Pavel Brendl wins face-off versus Kris Versteeg in Coyotes zone.
4:12 of 2nd period - Minor Penalty to Martin Havlat for Interference.
4:13 of 2nd period - Tim Connolly wins face-off versus Chris Gratton in Blackhawks zone.
4:22 of 2nd period - Snap shot by Marian Gaborik.
4:22 of 2nd period - Shot Misses the Net.
4:24 of 2nd period - Slapshot by Brenden Morrow.
4:24 of 2nd period - Shot Misses the Net.
4:26 of 2nd period - Wrist shot by Christian Ehrhoff.
4:26 of 2nd period - Deflect By Tim Connolly.
4:26 of 2nd period - Shot Misses the Net.
4:26 of 2nd period - Puck is out of play.
4:27 of 2nd period - Tim Connolly wins face-off versus Chris Gratton in Blackhawks zone.
4:42 of 2nd period - Wrist shot by Brenden Morrow.
4:42 of 2nd period - Shot Misses the Net.
6:12 of 2nd period - Penalty to Martin Havlat is over, Martin Havlat is back on ice.
6:19 of 2nd period - Off-side.
6:20 of 2nd period - Joe Sakic wins face-off versus Drew Miller in neutral zone.
6:29 of 2nd period - Slapshot by Kris Versteeg.
6:29 of 2nd period - Stopped by Jean-Sébastien Giguère without a rebound.
6:30 of 2nd period - Jamal Mayers wins face-off versus Kris Versteeg in Coyotes zone.
6:30 of 2nd period - Jamal Mayers is hit by Kris Versteeg.
7:13 of 2nd period - Snap shot by Alexander Frolov.
7:13 of 2nd period - Stopped by Jean-Sébastien Giguère with a rebound.
7:47 of 2nd period - Wrist shot by Maxim Lapierre.
7:47 of 2nd period - Shot Blocked by Kristopher Letang.
8:05 of 2nd period - Snap shot by Nikita Alexeev.
8:05 of 2nd period - Stopped by Jean-Sébastien Giguère without a rebound.
8:06 of 2nd period - Nikita Alexeev wins face-off versus Jamal Mayers in Coyotes zone.
8:21 of 2nd period - Wrist shot by Scott Gomez.
8:21 of 2nd period - Stopped by Jean-Sébastien Giguère without a rebound.
8:21 of 2nd period - Minor Penalty to Jay Bouwmeester for Hooking.
8:22 of 2nd period - Chad Larose wins face-off versus Joe Sakic in Coyotes zone.
8:31 of 2nd period - Wrist shot by Chad Larose.
8:31 of 2nd period - Goal by Chad Larose - Blackhawks : 1 - Coyotes : 1.
8:32 of 2nd period - Chad Larose wins face-off versus Kris Versteeg in neutral zone.
10:13 of 2nd period - Frans Nielsen is hit by Kris Versteeg.
10:21 of 2nd period - Penalty to Jay Bouwmeester is over, Jay Bouwmeester is back on ice.
10:31 of 2nd period - Steve McCarthy is hit by Riley Cote and loses puck.
10:40 of 2nd period - Riley Cote is hit by Greg De Vries and loses puck.
11:43 of 2nd period - Maxim Lapierre is hit by Colby Armstrong and loses puck.
12:10 of 2nd period - Tom Poti is hit by Jeff Taffe and loses puck.
12:33 of 2nd period - Matthew Spiller is hit by Jamal Mayers.
12:45 of 2nd period - Greg De Vries is hit by Denis Grebeshkov and loses puck.
13:18 of 2nd period - Snap shot by Jay Bouwmeester.
13:18 of 2nd period - Stopped by Tyler Weiman with a rebound.
13:20 of 2nd period - Backhand shot by Pavel Brendl.
13:20 of 2nd period - Stopped by Tyler Weiman with a rebound.
13:22 of 2nd period - Wrist shot by Maxim Lapierre.
13:22 of 2nd period - Stopped by Tyler Weiman without a rebound.
13:23 of 2nd period - Chad Larose wins face-off versus Joe Sakic in Blackhawks zone.
13:26 of 2nd period - Slapshot by Chad Larose.
13:26 of 2nd period - Stopped by Tyler Weiman with a rebound.
13:34 of 2nd period - Steve McCarthy is hit by Chad Larose.
13:55 of 2nd period - Snap shot by Scott Gomez.
13:55 of 2nd period - Stopped by Jean-Sébastien Giguère with a rebound.
14:35 of 2nd period - Wrist shot by Martin Havlat.
14:35 of 2nd period - Stopped by Jean-Sébastien Giguère with a rebound.
14:37 of 2nd period - Slapshot by Nicklas Lidstrom.
14:37 of 2nd period - Stopped by Jean-Sébastien Giguère with a rebound.
14:39 of 2nd period - Backhand shot by Martin Havlat.
14:39 of 2nd period - Shot Blocked by Jiri Fischer.
15:41 of 2nd period - Minor Penalty to Marian Gaborik for Interference.
15:42 of 2nd period - Joe Sakic wins face-off versus Chad Larose in Coyotes zone.
16:22 of 2nd period - Icing by Alexander Frolov.
16:23 of 2nd period - Chad Larose wins face-off versus Scott Gomez in Blackhawks zone.
17:22 of 2nd period - Snap shot by Frans Nielsen.
17:22 of 2nd period - Shot Blocked by Marek Zidlicky.
17:41 of 2nd period - Penalty to Marian Gaborik is over, Marian Gaborik is back on ice.
17:54 of 2nd period - Snap shot by Hnat Domenichelli.
17:54 of 2nd period - Stopped by Jean-Sébastien Giguère without a rebound.
17:55 of 2nd period - Brooks Laich wins face-off versus Tim Connolly in Coyotes zone.
18:04 of 2nd period - Snap shot by Marian Gaborik.
18:04 of 2nd period - Shot Blocked by Greg De Vries.
18:20 of 2nd period - Jiri Fischer is hit by Alexander Frolov and loses puck.
19:24 of 2nd period - Snap shot by Marek Zidlicky.
19:24 of 2nd period - Shot Misses the Net.
19:26 of 2nd period - Snap shot by Kris Versteeg.
19:26 of 2nd period - Shot Misses the Net.
19:30 of 2nd period - Wrist shot by Martin Havlat.
19:30 of 2nd period - Shot Misses the Net.
19:32 of 2nd period - Slapshot by Martin Havlat.
19:32 of 2nd period - Stopped by Jean-Sébastien Giguère with a rebound.

3rd period


0:01 of 3rd period - Tim Connolly wins face-off versus Joe Sakic in neutral zone.
0:06 of 3rd period - Snap shot by Marian Gaborik.
0:06 of 3rd period - Shot Blocked by Joe Sakic.
0:26 of 3rd period - Tom Poti is hit by Alexander Frolov.
0:36 of 3rd period - Snap shot by Alexander Frolov.
0:36 of 3rd period - Stopped by Jean-Sébastien Giguère without a rebound.
0:37 of 3rd period - Scott Gomez wins face-off versus Tim Connolly in Coyotes zone.
0:48 of 3rd period - Snap shot by Scott Gomez.
0:48 of 3rd period - Shot Misses the Net.
0:50 of 3rd period - Snap shot by Scott Gomez.
0:50 of 3rd period - Goal by Scott Gomez - Blackhawks : 2 - Coyotes : 1.
0:51 of 3rd period - Joe Sakic wins face-off versus Tim Connolly in neutral zone.
1:18 of 3rd period - Tom Poti is hit by Nicklas Lidstrom and loses puck.
1:47 of 3rd period - Riley Cote is hit by Hnat Domenichelli and loses puck.
2:41 of 3rd period - Slapshot by Kurt Sauer.
2:41 of 3rd period - Deflect By Sergei Samsonov.
2:41 of 3rd period - Shot Misses the Net.
2:41 of 3rd period - Puck is out of play.
2:42 of 3rd period - Frans Nielsen wins face-off versus Scott Gomez in Blackhawks zone.
3:15 of 3rd period - Snap shot by Martin Havlat.
3:15 of 3rd period - Shot Blocked by Jiri Fischer.
3:17 of 3rd period - Wrist shot by Martin Havlat.
3:17 of 3rd period - Shot Misses the Net.
3:19 of 3rd period - Wrist shot by Kris Versteeg.
3:19 of 3rd period - Shot Misses the Net.
3:37 of 3rd period - Wrist shot by Chad Larose.
3:37 of 3rd period - Shot Misses the Net.
4:00 of 3rd period - Backhand shot by Dan Hinote.
4:00 of 3rd period - Stopped by Jean-Sébastien Giguère with a rebound.
4:02 of 3rd period - Slapshot by Chris Gratton.
4:02 of 3rd period - Stopped by Jean-Sébastien Giguère with a rebound.
4:12 of 3rd period - Scott Gomez is hit by Frans Nielsen and loses puck.
4:34 of 3rd period - Off-side.
4:35 of 3rd period - Joe Sakic wins face-off versus Tim Connolly in neutral zone.
4:40 of 3rd period - Snap shot by Joe Sakic.
4:40 of 3rd period - Shot Misses the Net.
4:50 of 3rd period - Wrist shot by Marian Gaborik.
4:50 of 3rd period - Stopped by Tyler Weiman with a rebound.
5:35 of 3rd period - Brooks Laich is hit by Chad Larose and loses puck.
6:17 of 3rd period - Slapshot by Sergei Samsonov.
6:17 of 3rd period - Stopped by Tyler Weiman with a rebound.
6:18 of 3rd period - Minor Penalty to Dan Hinote for Hooking.
6:19 of 3rd period - Tim Connolly wins face-off versus Chris Gratton in Blackhawks zone.
6:51 of 3rd period - Snap shot by Jamal Mayers.
6:51 of 3rd period - Shot Misses the Net.
6:53 of 3rd period - Snap shot by Frans Nielsen.
6:53 of 3rd period - Shot Blocked by Colby Armstrong.
8:18 of 3rd period - Penalty to Dan Hinote is over, Dan Hinote is back on ice.
8:30 of 3rd period - Wrist shot by Chad Larose.
8:30 of 3rd period - Stopped by Tyler Weiman with a rebound.
8:32 of 3rd period - Wrist shot by Drew Miller.
8:32 of 3rd period - Deflect By Chad Larose.
8:32 of 3rd period - Stopped by Tyler Weiman with a rebound.
8:34 of 3rd period - Snap shot by Jiri Fischer.
8:34 of 3rd period - Shot Blocked by Alexander Frolov.
9:02 of 3rd period - Kurt Sauer is hit by Alexander Frolov and loses puck.
9:20 of 3rd period - Icing by Nicklas Lidstrom.
9:21 of 3rd period - Kris Versteeg wins face-off versus Frans Nielsen in Blackhawks zone.
9:28 of 3rd period - Jamal Mayers is hit by Kris Versteeg.
10:06 of 3rd period - Jay Bouwmeester is hit by Hnat Domenichelli.
10:47 of 3rd period - Slapshot by Tim Connolly.
10:47 of 3rd period - Stopped by Tyler Weiman with a rebound.
11:17 of 3rd period - Wrist shot by Scott Gomez.
11:17 of 3rd period - Stopped by Jean-Sébastien Giguère with a rebound.
12:03 of 3rd period - Wrist shot by Dan Hinote.
12:03 of 3rd period - Stopped by Jean-Sébastien Giguère with a rebound.
12:05 of 3rd period - Snap shot by Chris Gratton.
12:05 of 3rd period - Stopped by Jean-Sébastien Giguère with a rebound.
12:21 of 3rd period - Snap shot by Marian Gaborik.
12:21 of 3rd period - Shot Misses the Net.
12:23 of 3rd period - Snap shot by Tim Connolly.
12:23 of 3rd period - Shot Blocked by Kristopher Letang.
12:25 of 3rd period - Snap shot by Brenden Morrow.
12:25 of 3rd period - Stopped by Tyler Weiman with a rebound.
12:27 of 3rd period - Snap shot by Brenden Morrow.
12:27 of 3rd period - Stopped by Tyler Weiman without a rebound.
12:28 of 3rd period - Joe Sakic wins face-off versus Sergei Samsonov in Blackhawks zone.
12:47 of 3rd period - Joe Sakic is hit by Frans Nielsen and loses puck.
13:20 of 3rd period - Snap shot by Jeff Taffe.
13:20 of 3rd period - Stopped by Jean-Sébastien Giguère with a rebound.
13:44 of 3rd period - Snap shot by Pavel Brendl.
13:44 of 3rd period - Deflect By Hnat Domenichelli.
13:44 of 3rd period - Goal by Pavel Brendl - Blackhawks : 2 - Coyotes : 2.
13:45 of 3rd period - Tim Connolly wins face-off versus Joe Sakic in neutral zone.
13:48 of 3rd period - Backhand shot by Tim Connolly.
13:48 of 3rd period - Shot Blocked by Kris Versteeg.
13:50 of 3rd period - Snap shot by Marian Gaborik.
13:50 of 3rd period - Shot Misses the Net.
13:52 of 3rd period - Wrist shot by Marian Gaborik.
13:52 of 3rd period - Shot Misses the Net.
13:54 of 3rd period - Snap shot by Marian Gaborik.
13:54 of 3rd period - Shot Misses the Net.
13:56 of 3rd period - Slapshot by Tom Poti.
13:56 of 3rd period - Shot Blocked by Kris Versteeg.
13:58 of 3rd period - Slapshot by Brenden Morrow.
13:58 of 3rd period - Shot Misses the Net.
14:10 of 3rd period - Tom Poti is hit by Alexander Frolov and loses puck.
14:19 of 3rd period - Slapshot by Alexander Frolov.
14:19 of 3rd period - Shot Misses the Net.
14:22 of 3rd period - Minor Penalty to Scott Gomez for Tripping.
14:23 of 3rd period - Chris Gratton wins face-off versus Tim Connolly in Blackhawks zone.
15:22 of 3rd period - Off-side.
15:23 of 3rd period - Kris Versteeg wins face-off versus Frans Nielsen in neutral zone.
15:32 of 3rd period - Jamal Mayers is hit by Chris Gratton and loses puck.
15:47 of 3rd period - Tim Connolly is hit by Dan Hinote and loses puck.
16:14 of 3rd period - Chris Gratton is hit by Tim Connolly and loses puck.
16:22 of 3rd period - Penalty to Scott Gomez is over, Scott Gomez is back on ice.
16:57 of 3rd period - Alexander Frolov is hit by Pavel Brendl and loses puck.
17:02 of 3rd period - Slapshot by Pavel Brendl.
17:02 of 3rd period - Stopped by Tyler Weiman without a rebound.
17:03 of 3rd period - Frans Nielsen wins face-off versus Joe Sakic in Blackhawks zone.
17:14 of 3rd period - Denis Grebeshkov is hit by Martin Havlat and loses puck.
17:55 of 3rd period - Tom Poti is hit by Colby Armstrong and loses puck.
18:10 of 3rd period - Martin Havlat is hit by Frans Nielsen and loses puck.
18:15 of 3rd period - Snap shot by Frans Nielsen.
18:15 of 3rd period - Stopped by Tyler Weiman with a rebound.
18:19 of 3rd period - Snap shot by Sergei Samsonov.
18:19 of 3rd period - Stopped by Tyler Weiman with a rebound.
18:21 of 3rd period - Wrist shot by Jamal Mayers.
18:21 of 3rd period - Stopped by Tyler Weiman with a rebound.
18:51 of 3rd period - Nikita Alexeev is hit by Frans Nielsen and loses puck.
19:03 of 3rd period - Icing by Frans Nielsen.
19:04 of 3rd period - Tim Connolly wins face-off versus Joe Sakic in Coyotes zone.
19:15 of 3rd period - Snap shot by Joe Sakic.
19:15 of 3rd period - Stopped by Jean-Sébastien Giguère with a rebound.
19:45 of 3rd period - Christian Ehrhoff is hit by Joe Sakic and loses puck.

Overtime #1


0:01 of 1st overtime period - Tim Connolly wins face-off versus Joe Sakic in neutral zone.
0:09 of 1st overtime period - Slapshot by Nicklas Lidstrom.
0:09 of 1st overtime period - Shot Blocked by Jay Bouwmeester.
0:11 of 1st overtime period - Slapshot by Kristopher Letang.
0:11 of 1st overtime period - Shot Misses the Net.
1:37 of 1st overtime period - Alexander Frolov is hit by Frans Nielsen and loses puck.
1:39 of 1st overtime period - Minor Penalty to Frans Nielsen for Cross-checking.
1:40 of 1st overtime period - Joe Sakic wins face-off versus Drew Miller in Coyotes zone.
1:51 of 1st overtime period - Snap shot by Nicklas Lidstrom.
1:51 of 1st overtime period - Shot Misses the Net.
2:21 of 1st overtime period - Wrist shot by Scott Gomez.
2:21 of 1st overtime period - Stopped by Jean-Sébastien Giguère with a rebound.
2:23 of 1st overtime period - Slapshot by Marek Zidlicky.
2:23 of 1st overtime period - Stopped by Jean-Sébastien Giguère without a rebound.
2:24 of 1st overtime period - Drew Miller wins face-off versus Joe Sakic in Coyotes zone.
2:49 of 1st overtime period - Jiri Fischer is hit by Kris Versteeg and loses puck.
3:22 of 1st overtime period - Wrist shot by Colby Armstrong.
3:22 of 1st overtime period - Shot Misses the Net.
3:39 of 1st overtime period - Penalty to Frans Nielsen is over, Frans Nielsen is back on ice.
4:13 of 1st overtime period - Icing by Marian Gaborik.
4:14 of 1st overtime period - Joe Sakic wins face-off versus Frans Nielsen in Coyotes zone.

ShootOut


5:00 of 1st overtime period - Penalty Shot by Joe Sakic for Blackhawks.
5:00 of 1st overtime period - Snap shot by Joe Sakic.
5:00 of 1st overtime period - Goal by Joe Sakic.
5:00 of 1st overtime period - Penalty Shot by Marian Gaborik for Coyotes.
5:00 of 1st overtime period - Wrist shot by Marian Gaborik.
5:00 of 1st overtime period - Stopped by Tyler Weiman.
5:00 of 1st overtime period - Penalty Shot by Martin Havlat for Blackhawks.
5:00 of 1st overtime period - Deke by Martin Havlat.
5:00 of 1st overtime period - Stopped by Jean-Sébastien Giguère.
5:00 of 1st overtime period - Penalty Shot by Brenden Morrow for Coyotes.
5:00 of 1st overtime period - Backhand shot by Brenden Morrow.
5:00 of 1st overtime period - Stopped by Tyler Weiman.
5:00 of 1st overtime period - Penalty Shot by Kris Versteeg for Blackhawks.
5:00 of 1st overtime period - Deke by Kris Versteeg.
5:00 of 1st overtime period - Stopped by Jean-Sébastien Giguère.
5:00 of 1st overtime period - Penalty Shot by Tim Connolly for Coyotes.
5:00 of 1st overtime period - Wrist shot by Tim Connolly.
5:00 of 1st overtime period - Goal by Tim Connolly.
5:00 of 1st overtime period - Penalty Shot by Scott Gomez for Blackhawks.
5:00 of 1st overtime period - Wrist shot by Scott Gomez.
5:00 of 1st overtime period - Shot Misses the Net.
5:00 of 1st overtime period - Penalty Shot by Frans Nielsen for Coyotes.
5:00 of 1st overtime period - Snap shot by Frans Nielsen.
5:00 of 1st overtime period - Shot Misses the Net.
5:00 of 1st overtime period - Penalty Shot by Alexander Frolov for Blackhawks.
5:00 of 1st overtime period - Deke by Alexander Frolov.
5:00 of 1st overtime period - Shot Misses the Net.
5:00 of 1st overtime period - Penalty Shot by Sergei Samsonov for Coyotes.
5:00 of 1st overtime period - Deke by Sergei Samsonov.
5:00 of 1st overtime period - Stopped by Tyler Weiman.
5:00 of 1st overtime period - Penalty Shot by Nicklas Lidstrom for Blackhawks.
5:00 of 1st overtime period - Deke by Nicklas Lidstrom.
5:00 of 1st overtime period - Shot Misses the Net.
5:00 of 1st overtime period - Penalty Shot by Jay Bouwmeester for Coyotes.
5:00 of 1st overtime period - Wrist shot by Jay Bouwmeester.
5:00 of 1st overtime period - Goal by Jay Bouwmeester.


Output by the SimonT Hockey Simulator (STHS) for François Prévost -- Original Page W3C XHTML 1.0 Valid
Hockey Simulator - Hockey Simulation - Hockey Manager